%YAML 1.1
%TAG !u! tag:unity3d.com,2011:
--- !u!244 &-8829004717130332336
AudioMixerEffectController:
  m_ObjectHideFlags: 3
  m_CorrespondingSourceObject: {fileID: 0}
  m_PrefabInstance: {fileID: 0}
  m_PrefabAsset: {fileID: 0}
  m_Name: 
  m_EffectID: 368397a5c928dce4681ec8ade5272e5c
  m_EffectName: Attenuation
  m_MixLevel: e1d1628b685990347a9bdcbfcc83abac
  m_Parameters: []
  m_SendTarget: {fileID: 0}
  m_EnableWetMix: 0
  m_Bypass: 0
--- !u!241 &24100000
AudioMixerController:
  m_ObjectHideFlags: 0
  m_CorrespondingSourceObject: {fileID: 0}
  m_PrefabInstance: {fileID: 0}
  m_PrefabAsset: {fileID: 0}
  m_Name: Level1MixerMain
  m_OutputGroup: {fileID: 0}
  m_MasterGroup: {fileID: 24300002}
  m_Snapshots:
  - {fileID: 24500006}
  m_StartSnapshot: {fileID: 24500006}
  m_SuspendThreshold: -80
  m_EnableSuspend: 1
  m_UpdateMode: 0
  m_ExposedParameters:
  - guid: 6afeb1b1aae27b945a445e7ad42428cd
    name: volume
  m_AudioMixerGroupViews:
  - guids:
    - ff29bee2452df284a9b8ab26b4980069
    - 1f778e8bd3b303f4a93ca8cbbbbb0d67
    - 280f8f6efcaacf74a9298665c6234635
    name: View
  m_CurrentViewIndex: 0
  m_TargetSnapshot: {fileID: 24500006}
--- !u!243 &24300002
AudioMixerGroupController:
  m_ObjectHideFlags: 0
  m_CorrespondingSourceObject: {fileID: 0}
  m_PrefabInstance: {fileID: 0}
  m_PrefabAsset: {fileID: 0}
  m_Name: Master
  m_AudioMixer: {fileID: 24100000}
  m_GroupID: ff29bee2452df284a9b8ab26b4980069
  m_Children:
  - {fileID: 9091276107407510441}
  - {fileID: 6236498253225366725}
  m_Volume: 6afeb1b1aae27b945a445e7ad42428cd
  m_Pitch: 91307746824005a4dbdd1854fe702d7f
  m_Send: 00000000000000000000000000000000
  m_Effects:
  - {fileID: 24400004}
  m_UserColorIndex: 0
  m_Mute: 0
  m_Solo: 0
  m_BypassEffects: 0
--- !u!244 &24400004
AudioMixerEffectController:
  m_ObjectHideFlags: 3
  m_CorrespondingSourceObject: {fileID: 0}
  m_PrefabInstance: {fileID: 0}
  m_PrefabAsset: {fileID: 0}
  m_Name: 
  m_EffectID: 5ffdebe3c9a729a459d59921b7e08997
  m_EffectName: Attenuation
  m_MixLevel: c6671c1db43ec674f81fd545b2b23bd3
  m_Parameters: []
  m_SendTarget: {fileID: 0}
  m_EnableWetMix: 0
  m_Bypass: 0
--- !u!245 &24500006
AudioMixerSnapshotController:
  m_ObjectHideFlags: 0
  m_CorrespondingSourceObject: {fileID: 0}
  m_PrefabInstance: {fileID: 0}
  m_PrefabAsset: {fileID: 0}
  m_Name: Snapshot
  m_AudioMixer: {fileID: 24100000}
  m_SnapshotID: 195d8bf7bc737924ab6a0d0179434628
  m_FloatValues: {}
  m_TransitionOverrides: {}
--- !u!244 &5881516612114035234
AudioMixerEffectController:
  m_ObjectHideFlags: 3
  m_CorrespondingSourceObject: {fileID: 0}
  m_PrefabInstance: {fileID: 0}
  m_PrefabAsset: {fileID: 0}
  m_Name: 
  m_EffectID: d4de85bffffe2394ba2c8d036873fdf9
  m_EffectName: Attenuation
  m_MixLevel: 4a674e93de4ad3b46abed2135426206b
  m_Parameters: []
  m_SendTarget: {fileID: 0}
  m_EnableWetMix: 0
  m_Bypass: 0
--- !u!243 &6236498253225366725
AudioMixerGroupController:
  m_ObjectHideFlags: 0
  m_CorrespondingSourceObject: {fileID: 0}
  m_PrefabInstance: {fileID: 0}
  m_PrefabAsset: {fileID: 0}
  m_Name: music
  m_AudioMixer: {fileID: 24100000}
  m_GroupID: 280f8f6efcaacf74a9298665c6234635
  m_Children: []
  m_Volume: af1856ffa61fe424694776cfa685bf84
  m_Pitch: 9dcd2e5c6e077494583f2ce5c05123ba
  m_Send: 00000000000000000000000000000000
  m_Effects:
  - {fileID: -8829004717130332336}
  m_UserColorIndex: 0
  m_Mute: 0
  m_Solo: 0
  m_BypassEffects: 0
--- !u!243 &9091276107407510441
AudioMixerGroupController:
  m_ObjectHideFlags: 0
  m_CorrespondingSourceObject: {fileID: 0}
  m_PrefabInstance: {fileID: 0}
  m_PrefabAsset: {fileID: 0}
  m_Name: sfx
  m_AudioMixer: {fileID: 24100000}
  m_GroupID: 1f778e8bd3b303f4a93ca8cbbbbb0d67
  m_Children: []
  m_Volume: 041a99bc05edc6e44b4d2640c87d6bc3
  m_Pitch: de14d1f1ee436084f912b5a8c1a53632
  m_Send: 00000000000000000000000000000000
  m_Effects:
  - {fileID: 5881516612114035234}
  m_UserColorIndex: 0
  m_Mute: 0
  m_Solo: 0
  m_BypassEffects: 0
